 Dungeon Crawl Stone Soup version 0.25.1-2-g60ff931df9 (webtiles) character file.

Game seed: 15355989679857666877

72 growler the Ruffian (level 4, -5/40 HPs)
             Began as a Ghoul Monk on Oct 24, 2020.
             Slain by an orc priest
             ... wielding a +0 whip
              (8 damage)
             ... on level 2 of the Dungeon.
             The game lasted 00:04:16 (2160 turns).

growler the Ruffian (Ghoul Monk)                    Turns: 2160, Time: 00:04:16

Health: -5/40      AC:  2    Str: 15    XL:     4   Next: 26%
Magic:  3/3        EV: 13    Int:  5    God:
Gold:   20         SH:  0    Dex: 11    Spells: 3/3 levels left

rFire    . . .     SeeInvis .     - Unarmed
rCold    + . .     Gourm    .   (no shield)
rNeg     + + +     Faith    .   a - +0 robe
rPois    ∞         Spirit   .   (no helmet)
rElec    .         Reflect  .   (no cloak)
rCorr    .         Harm     .   (no gloves)
MR       .....                  (no boots)
Stlth    ++........             (no amulet)
HPRegen  0.00/turn              (no ring)
MPRegen  0.08/turn              (no ring)

@: rotting
A: rotting body, claws 1, carnivore, cold resistance 1, negative energy
resistance 3, inhibited regeneration, torment resistance, unbreathing
a: no special abilities


You were on level 2 of the Dungeon.
You were very hungry.

You visited 1 branch of the dungeon, and saw 3 of its levels.

You collected 20 gold pieces.

Inventory:

Armour
 a - a +0 robe (worn)
Scrolls
 b - a scroll of noise {unknown}
 c - a scroll of magic mapping {unknown}
 f - 3 scrolls of identify {unknown}
 g - 2 scrolls of teleportation {unknown}
 i - a scroll of remove curse {unknown}
Potions
 d - a potion of heal wounds {unknown}
Comestibles
 e - 3 rations {!d}
 h - a chunk of flesh


   Skills:
 + Level 3.9 Fighting
 + Level 3.2 Dodging
 - Level 2.1 Stealth
 * Level 4.5 Unarmed Combat


You had 3 spell levels left.
You didn't know any spells.
Your spell library was empty.

Dungeon Overview and Level Annotations

Branches:
Dungeon (3/15)

Altars:
Nemelex Xobeh

Annotations:
D:3 Grinder


Innate Abilities, Weirdness & Mutations

Your body is rotting away.
You thrive on raw meat.
You are immune to poison.
You have sharp fingernails.
You are carnivorous and can eat meat at any time.
Your flesh is cold resistant. (rC+)
You are immune to negative energy. (rN+++)
You do not regenerate when monsters are visible.
You are immune to unholy pain and torment.
You can survive without breathing.


Message History

There is a stone staircase leading up, spattered with blood here.
You see here a hobgoblin skeleton.
There is a stone staircase leading up, spattered with blood here.
You see here a hobgoblin skeleton.
Done exploring.
Done exploring.
Done exploring.
There is a stone staircase leading down here.
You climb downwards. 4 orcs and an orc priest come into view.
The orc priest shouts!
The orc shouts! x3; You hear a shout! x2
Found 17 gold pieces, a whip and a robe.
There is a stone staircase leading up here.
You barely miss the orc. You claw the orc!
You kill the orc!
A bat comes into view.
Grinder comes into view.
You scratch the orc priest but do no damage.
The orc misses you. The orc priest misses you.
Grinder blinks!
The bat barely misses you.
You scratch the orc priest. The bat hits you but does no damage.
The bat barely misses you. The orc hits you with a +0 hand axe.
The orc closely misses you.
Grinder blinks!
The orc priest mumbles some strange prayers to Beogh against you.
Beogh smites you! The bat hits you. The orc closely misses you.
The bat barely misses you. The orc priest closely misses you.
The orc hits you from afar with a +0 trident.
* * * LOW HITPOINT WARNING * * *
You climb upwards.
There is a stone staircase leading down here.
You closely miss the orc priest. You claw the orc priest.
The bat barely misses you. The orc misses you.
The orc priest closely misses you. The orc hits you with a +0 hand axe.
* * * LOW HITPOINT WARNING * * *
You scratch the orc priest. The bat barely misses you. The orc hits you.
* * * LOW HITPOINT WARNING * * *
The orc priest hits you with a +0 whip.
* * * LOW HITPOINT WARNING * * *
The orc hits you with a +0 hand axe.
* * * LOW HITPOINT WARNING * * *
You scratch the orc priest. The bat hits you but does no damage.
The orc misses you. The orc priest closely misses you.
The orc hits you with a +0 hand axe.
* * * LOW HITPOINT WARNING * * *
You scratch the orc priest. The bat misses you. The orc hits you.
* * * LOW HITPOINT WARNING * * *
The orc priest hits you with a +0 whip!
You die...

#.# #.#.###.#.#.......# #.
#.# #.#.###.#.#.....#.# #.
##.###.#.......#######.#####.
#....#.#####.#.......#.....#.
####.#..........####.....#.#.
#...'...#.........#####.#.#.
#...#......#.#........#.#...
#......)..bo......###.#.#...
#.###.#...o@................
#.#........#o###.##.#.###...
##.#........#.###.##.#.#.....
#...............(..#.#.#.####
####.######.#.###..#.#.#.# #
###.# #.#.# #..#.#.#.# #
##.#.## #.#.# #..#.#.#.# #
#.....# #.#.# #..#.#.#.####
##.#..# #.#.# #..#.#.......


You could see an orc priest, 2 orcs and a bat.

Vanquished Creatures
  3 adders (D:2)
  A shadow imp (D:2)
  A dart slug (D:1)
  A leopard gecko (D:1)
  An orc (D:3)
  8 bats
  A giant cockroach (D:1)
  6 goblins
  3 hobgoblins
  2 kobolds (D:2)
  6 frilled lizards
  A rat (D:1)
34 creatures vanquished.

Notes
Turn   | Place    | Note
-------+----------+-------------------------------------------
     0 | D:1      | growler the Ghoul Monk began the quest for the Orb.
     0 | D:1      | Reached XP level 1. HP: 19/19 MP: 0/0
   305 | D:1      | Reached XP level 2. HP: 26/26 MP: 1/1
  1061 | D:2      | Reached skill level 4 in Unarmed Combat
  1061 | D:2      | Reached XP level 3. HP: 26/33 MP: 2/2
  1289 | D:2      | Found a sparkling altar of Nemelex Xobeh.
  1731 | D:2      | Reached XP level 4. HP: 39/40 MP: 3/3
  2152 | D:3      | Noticed Grinder
  2160 | D:2      | Slain by an orc priest

Illustrated notes

Levels and vault maps discovered:
D:1:      saegor_arrival_simple_c, layout_loops_ring, nrook_campfire
D:2:      layout_basic, nemelex_xobeh_ov_fountains_minmay, first_ration,
          chequers_avenue
D:3:      cheibrodos_thug_alley, layout_basic, gammafunk_ghost_gnarly_gnolls,
          serial_glass, glass_columns_a, glass_columns_a, glass_columns_b,
          glass_columns_b, glass_columns_a, glass_columns_a, glass_columns_c,
          glass_columns_a, uniq_grinder

Skill      XL: |  1  2 |
---------------+-------+-----
Dodging        | 3 |  3.2
Unarmed Combat | 4 |  4.5
Fighting       | |  3.9
Stealth        | |  2.1

Action                   |  1- 3 |  4- 6 || total
-------------------------+-------+-------++-------
Melee: Unarmed           |    92 |    24 ||   116
       Punch             |       |     1 ||     1
 Stab: Sleeping          |     6 |     2 ||     8
  Eat: Chunk             |     3 |       ||     3
Armor: Robe              |    15 |     4 ||    19
Dodge: Dodged            |    73 |    25 ||    98
